 Dungeon Crawl Stone Soup version 0.21.1-1-g345015f (webtiles) character file.

448 theblackcape the Skirmisher (level 6, -1/51 HPs)
             Began as a Demonspawn Wanderer on June 4, 2018.
             Was a Follower of Cheibriados.
             Slain by a gnoll
             ... wielding a +0 spear
              (5 damage)
             ... on level 3 of the Dungeon.
             The game lasted 00:20:03 (2920 turns).

theblackcape the Skirmisher (Demonspawn Wanderer)   Turns: 2920, Time: 00:20:04

Health: -1/51      AC:  6    Str: 15    XL:     6   Next: 73%
Magic:  6/6        EV: 11    Int: 15    God:    Cheibriados [*.....]
Gold:   23         SH:  0    Dex: 19    Spells: 5/5 levels left

rFire    . . .     SeeInvis .   t - -3 scythe (curse)
rCold    . . .     Gourm    .   (shield currently unavailable)
rNeg     . . .     Faith    .   b - +0 ring mail
rPois    .         Spirit   .   j - +0 helmet
rElec    .         Reflect  .   q - scarf {cloud immunity}
rCorr    .         Harm     .   (no gloves)
MR       .....                  (no boots)
Stlth    +.........             (no amulet)
HPRegen  0.17/turn              (no ring)
MPRegen  0.10/turn              (no ring)

@: very slow
A: claws 1, hooves 1, demonic guardian 1, spiny 1
a: Bend Time, Renounce Religion


You were on level 3 of the Dungeon.
You worshipped Cheibriados.
Cheibriados was aware of your devotion.
You were not hungry.

You visited 1 branch of the dungeon, and saw 3 of its levels.

You collected 23 gold pieces.

Inventory:

Hand Weapons
 a - a +2 quarterstaff
 t - a cursed -3 scythe (weapon)
Armour
 b - a +0 ring mail (worn)
 j - a +0 helmet (worn)
 q - a scarf of cloud immunity (worn)
Scrolls
 i - a scroll of fog
 o - a scroll of magic mapping
Potions
 c - a potion of mutation {unknown}
 e - a potion of flight {unknown}
 f - 2 potions of degeneration {unknown}
 g - a potion of agility {unknown}
 h - a potion of heal wounds {unknown}
 n - a potion of curing {unknown}
 p - 2 potions of haste {unknown}
 s - 2 potions of cancellation {unknown}
Comestibles
 d - 4 rations


   Skills:
 + Level 5.1 Fighting
   Level 1.0(3.0) Maces & Flails
 + Level 0.7(2.9) Polearms
 + Level 4.5(4.6) Staves
 + Level 3.1 Armour
 + Level 1.1 Dodging
 - Level 1.5 Stealth
   Level 1.0 Shields
 + Level 0.3 Invocations


You had 5 spell levels left.
You didn't know any spells.

Dungeon Overview and Level Annotations

Branches:
Dungeon (3/15)

Altars:
Cheibriados
Vehumet
Yredelemnul


Innate Abilities, Weirdness & Mutations

You have sharp fingernails.
You have large cloven feet.
A weak demonic guardian rushes to your aid.
You are partially covered in sharp spines.


Message History

The puff of frost hits the big kobold.
Your quasit closely misses the gnoll. x2
Your quasit claws the gnoll but does no damage.
Your white imp hits the gnoll.
Your white imp freezes the gnoll.
The big kobold closely misses you.
The big kobold closely misses your quasit.
The gnoll hits you but does no damage.
Your white imp hits the gnoll but does no damage.
Your quasit bites the gnoll but does no damage.
Your quasit barely misses the gnoll.
Your quasit closely misses the gnoll.
You slash the big kobold!
You kill the big kobold!
Cheibriados thoroughly appreciates the change of pace.
Your Armour skill increases to level 3!
The big kobold hits your quasit with a dagger.
Your quasit bites the big kobold.
Your quasit claws the big kobold but does no damage.
Your quasit barely misses the big kobold.
The kobold closely misses your quasit.
The gnoll hits you from afar with a spear.
You die...

##### #################
########...# ..#.......#.....##
##......#...#
..#......)'......###.......#...#
..#########.....5.#...)....##)##
...#).............#K.(......).#
...'))...)......@†g5K..)).....#
...#()...........5#(..........#
..#########....5..#........##)#
))#......))(.....###...(...#.g$#
).#.......#.....## ##......#ggK#
'###########################KK$#
..≈≈≈≈≈≈≈≈≈≈≈≈≈≈≈≈≈≈≈≈ #####
..≈≈≈≈≈≈≈≈≈≈≈≈≈≈≈≈≈≈≈≈≈≈
..≈≈≈≈≈≈≈≈≈≈≈≈≈≈≈≈≈≈≈≈≈≈≈


You could see a big kobold, a gnoll, a kobold, a friendly quasit, 2 friendly
white imps and a friendly shadow imp.

Vanquished Creatures
  Sigmund (D:3)
  A big kobold (D:3)
  A scorpion (D:2)
  2 orc wizards (D:2)
  A hound zombie (D:2)
  A gnoll (D:3)
  2 oozes (D:2)
  3 worms (D:2)
  3 leopard geckos
  2 orcs
  8 bats
  2 giant cockroaches
  26 goblins
  25 hobgoblins
  4 jackals (D:2)
  8 kobolds
  2 quokkas (D:2)
  4 frilled lizards (D:1)
  7 rats
103 creatures vanquished.

Vanquished Creatures (collateral kills)
  An orc priest (D:2)
  2 gnolls (D:3)
  An orc (D:2)
  A hobgoblin (D:3)
5 creatures vanquished.

Grand Total: 108 creatures vanquished

Notes
Turn   | Place    | Note
-------+----------+-------------------------------------------
     0 | D:1      | theblackcape the Demonspawn Wanderer began the quest for the Orb.
     0 | D:1      | theblackcape set off with: a +2 quarterstaff, a +0 ring mail, a scroll of teleportation, a ration
     0 | D:1      | Reached XP level 1. HP: 19/19 MP: 1/1
   159 | D:1      | Gained mutation: You are partially covered in sharp spines. [demonic ancestry]
   159 | D:1      | Reached XP level 2. HP: 21/26 MP: 2/2
   399 | D:1      | Gained mutation: You have large cloven feet. [demonic ancestry]
   399 | D:1      | Reached XP level 3. HP: 31/31 MP: 3/3
   960 | D:2      | Found a radiant altar of Vehumet.
   960 | D:2      | Found a basalt altar of Yredelemnul.
  1042 | D:2      | Gained mutation: A weak demonic guardian rushes to your aid. [demonic ancestry]
  1042 | D:2      | Reached XP level 4. HP: 38/38 MP: 4/4
  1201 | D:2      | Found a snail-covered altar of Cheibriados.
  1208 | D:2      | Became a worshipper of Cheibriados the Contemplative
  1244 | D:2      | Reached XP level 5. HP: 19/43 MP: 5/5
  2379 | D:3      | Reached * piety under Cheibriados
  2549 | D:3      | Noticed Sigmund
  2560 | D:3      | Killed Sigmund
  2560 | D:3      | Reached skill level 5 in Fighting
  2560 | D:3      | Gained mutation: You have sharp fingernails. [demonic ancestry]
  2560 | D:3      | Reached XP level 6. HP: 32/51 MP: 2/6
  2891 | D:3      | Reached skill level 1 in Dodging
  2920 | D:3      | Slain by a gnoll

Skill      XL: |  1  2  3  4  5  6 |
---------------+-------------------+-----
Staves         | 2 3 4 |  4.5
Armour         | 2 3 |  3.1
Fighting       | 5 |  5.1
Dodging        | 1 |  1.1
Maces & Flails | |  1.0
Polearms       | |  0.7
Stealth        | |  1.5
Shields        | |  1.0
Invocations    | |  0.3

Action                   |  1- 3 |  4- 6 || total
-------------------------+-------+-------++-------
Melee: Quarterstaff      |    89 |    58 ||   147
       Kick              |     9 |    21 ||    30
       Scythe            |       |    25 ||    25
Invok: Bend Time         |       |     2 ||     2
  Use: Scroll            |     1 |     4 ||     5
  Eat: Chunk             |     1 |     5 ||     6
Armor: Ring mail         |    42 |    53 ||    95
Dodge: Dodged            |    42 |    90 ||   132
